 Dungeon Crawl Stone Soup version 0.31-a0-654-gbe3e110b4e (webtiles) character file.

Game seed: 14438686997595879518

63 killozap the Grave Robber (level 3, 0/26 HPs)
             Began as a Demonspawn Necromancer on Aug 29, 2023.
             Slain by a kobold brigand
             ... wielding a +0 dagger
              (3 damage)
             ... in a sewer.
             The game lasted 00:07:05 (2179 turns).

killozap the Grave Robber (Demonspawn Necromancer)  Turns: 2179, Time: 00:07:06

Health: 0/26       AC:  3    Str:  8    XL:     3   Next: 89%
Magic:  6/6        EV: 12    Int: 18    God:
Gold:   98         SH:  0    Dex: 13    Spells: 2/6 levels left

rFire   . . .        f - +0 dagger
rCold   . . .        (no shield)
rNeg    . . .        a - +0 robe
rPois   +            (no helmet)
rElec   .            c - scarf {shadows}
rCorr   .            (no gloves)
SInv    .            h - +0 pair of boots
Will    .....        (no amulet)
Stlth   ++           i - ring of wizardry
HPRegen 0.24/turn    e - ring of poison resistance
MPRegen 0.20/turn

%: wizardry (x1)
@: no status effects
A: magic regeneration
a: no special abilities


You were in a sewer.
You visited 1 branch of the dungeon, and saw 3 of its levels.
You also visited: Sewer.

You collected 98 gold pieces.

Inventory:

Hand Weapons
 f - a +0 dagger (weapon)
Armour
 a - a +0 robe (worn)
 c - a scarf of shadows (worn)
 h - a +0 pair of boots (worn)
Jewellery
 e - a ring of poison resistance (right hand)
 i - a ring of wizardry (left hand)
Scrolls
 j - a scroll of identify {unknown}
Potions
 d - 4 potions of enlightenment {unknown}
 g - 3 potions of haste {unknown}
 l - 2 potions of lignification {unknown}
 n - 2 potions of curing {unknown}


   Skills:
 + Level 1.3 Fighting
 + Level 2.3 Dodging
 - Level 1.7 Stealth
 + Level 2.4 Spellcasting
 * Level 5.1 Necromancy


You had 2 spell levels left.
You knew the following spells:

 Your Spells              Type           Power      Damage    Failure   Level
a - Necrotise             Necr           80%        1d8       1%          1
b - Vampiric Draining     Necr           20%        2d7       2%          3

Your spell library contained the following spells:

 Spells                   Type           Power      Damage    Failure   Level
 Cigotuvi's Dreadful Rot  Necr/Pois/Air  16%        N/A       5%          2
 Animate Dead             Necr           20%        N/A       9%          4
 Dispel Undead            Necr           20%        3d11      9%          4
 Agony                    Necr           20%        N/A       22%         5
 Death Channel            Necr           10%        N/A       75%         6


Dungeon Overview and Level Annotations

Branches:
Dungeon (3/15)              Sewer (1/1)

Altars:

Annotations:
D:2 Sigmund


Innate Abilities, Weirdness & Mutations

You regenerate magic rapidly.


Message History

Casting: Necrotise (safe; 1% risk of failure)
Confirm with . or Enter, or press ? or * to list all spells.
Aiming: Vampiric Draining (dangerous; 2% risk of failure)
Press: ? - help, Shift-Dir - straight line, f/p - kobold brigand
Aim: a kobold brigand, wielding a +0 dagger and quivering curare-tipped darts (moderately wounded)
You draw life force from the kobold brigand!
The kobold brigand hits you with a +0 dagger.
Casting: Vampiric Draining (dangerous; 2% risk of failure)
Confirm with . or Enter, or press ? or * to list all spells.
You don't have enough magic to cast this spell.
Unknown command.
You barely miss the kobold brigand.
The kobold brigand is severely wounded.
The kobold brigand hits you with a +0 dagger.
You hit the kobold brigand.
The kobold brigand is severely wounded.
The kobold brigand hits you with a +0 dagger.
You hit the kobold brigand.
The kobold brigand is severely wounded.
The kobold brigand hits you with a +0 dagger.
Casting: Vampiric Draining (dangerous; 2% risk of failure)
Confirm with . or Enter, or press ? or * to list all spells.
You don't have enough magic to cast this spell.
You hit the kobold brigand.
The kobold brigand is severely wounded.
The kobold brigand barely misses you.
You closely miss the kobold brigand.
The kobold brigand is severely wounded.
The kobold brigand hits you with a +0 dagger.
* * * LOW HITPOINT WARNING * * *
Casting: Vampiric Draining (dangerous; 2% risk of failure)
Confirm with . or Enter, or press ? or * to list all spells.
You don't have enough magic to cast this spell.
Unknown command.
Press: ? - help, v - describe, . - travel
Here: a kobold brigand, wielding a +0 dagger and quivering curare-tipped darts (severely wounded)
An empty arch of ancient stone.
Magic courses through your body.
The kobold brigand hits you with a +0 dagger.
You die... ######################## ~~~~K~~~~....KKK@......# ########################

You could see a kobold brigand and 2 kobolds.

Vanquished Creatures
  A river rat (D:3)
  2 worms
  A dart slug (D:1)
  4 endoplasms
  3 giant cockroaches
  5 goblins
  7 jackals
  A quokka (D:1)
  5 ball pythons
  2 bats (D:1)
  3 frilled lizards
  4 kobolds
  5 rats
43 creatures vanquished.

Vanquished Creatures (collateral kills)
  An endoplasm (D:2)
  A goblin (D:2)
  A rat (D:1)
3 creatures vanquished.

Grand Total: 46 creatures vanquished

Notes
Turn   | Place    | Note
-------+----------+-------------------------------------------
     0 | D:1      | killozap the Demonspawn Necromancer began the quest for the
                  | Orb.
     0 | D:1      | Reached XP level 1. HP: 13/13 MP: 3/3
   370 | D:1      | Gained mutation: You regenerate magic rapidly. [demonic
                  | ancestry]
   370 | D:1      | Reached XP level 2. HP: 20/20 MP: 3/5
   660 | D:1      | Found a faded altar of an unknown god.
  1350 | D:2      | Reached XP level 3. HP: 21/25 MP: 1/6
  1354 | D:2      | Learned a level 3 spell: Vampiric Draining
  1383 | D:2      | Noticed Sigmund
  1420 | D:2      | Reached skill level 1 in Fighting
  1574 | D:2      | Reached skill level 5 in Necromancy
  2048 | D:3      | Found a glowing drain.
  2052 | Sewer    | Entered a sewer
  2132 | Sewer    | Noticed a kobold brigand
  2179 | Sewer    | Slain by a kobold brigand

Illustrated notes

Levels and vault maps discovered:
D:1:      saegor_arrival_simple_d, layout_basic,
          chequers_ecumenical_altar_simple_redux, minmay_surrounded
D:2:      layout_rooms, uniq_sigmund
D:3:      layout_basic, gup_sewer_entry_bowl
Sewer:    sewer_kobolds

Skill      XL: |  1  2  3 |
---------------+----------+-----
Dodging        | 2 |  2.3
Fighting       | 1 |  1.3
Necromancy     | 5 |  5.1
Stealth        | |  1.7
Spellcasting   | |  2.4

Action                     || total
---------------------------++-------
  Melee: Unarmed           ||     4
         Dagger            ||    25
         Punch             ||     1
   Cast: Necrotise         ||    83
         Vampiric Draining ||     1
    Use: Scroll            ||     3
         Potion            ||     1
 Armour: Robe              ||    12
  Dodge: Dodged            ||    32

Table legend: (Time is in decaauts)
 A = Elapsed time spent in this place.
 B = Non-inter-level travel time spent in this place.
 C = Inter-level travel time spent in this place.
 D = Time resting spent in this place.
 E = Time spent auto-exploring this place.
 F = Levels seen in this place.
 G = Mean time per level.
                   A        B        C        D        E       F      G
               +--------+--------+--------+--------+--------+-----+--------+
         Total |   2218 |   2097 |    121 |      0 |   1637 |   4 |  554.5 |
       Dungeon |   2054 |   1933 |    121 |      0 |   1556 |   3 |  684.7 |
         Sewer |    163 |    163 |      0 |      0 |     81 |   1 |  163.0 |
               +--------+--------+--------+--------+--------+-----+--------+

Top non-repeatable levels by time:
     D:1: 1278 daAuts
     D:2: 588 daAuts
     D:3: 187 daAuts
   Sewer: 163 daAuts
